 Dungeon Crawl Stone Soup version 0.20-a0-556-g892c87b (webtiles) character file.

136 wazuzu the Chopper (level 4, -3/38 HPs)
             Began as a Draconian Berserker on Feb 4, 2017.
             Was a Priest of Trog.
             Slain by Crazy Yiuf
             ... wielding a +4 quarterstaff of chaos
              (7 damage)
             ... on level 2 of the Dungeon.
             The game lasted 00:05:54 (1702 turns).

wazuzu the Chopper (Draconian Berserker)            Turns: 1702, Time: 00:05:55

Health: -3/38      AC:  6    Str: 19    XL:     4   Next: 98%
Magic:  4/4        EV: 17    Int:  8    God:    Trog [***...]
Gold:   122        SH:  3    Dex: 16    Spells: 3/3 levels left

rFire    . . .     SeeInvis .   y - +1 hand axe (chop)
rCold    . . .     Gourm    .   (armour unavailable)
rNeg     . . .     Faith    +   w - +0 buckler (curse)
rPois    .         Spirit   .   (helmet restricted)
rElec    .         Reflect  .   (no cloak)
rCorr    .         Harm     .   (no gloves)
MR       .....                  g - +0 pair of boots
Stlth    ++........             m - amulet of faith
Regen    0.2/turn               (no ring)
                                (no ring)

@: agile, lethally poisoned (-3 -> -19)
A: unfitting armour, cold-blooded, AC +5
a: Berserk, Trog's Hand, Burn Spellbooks, Renounce Religion


You were on level 2 of the Dungeon.
You worshipped Trog.
Trog was most pleased with you.
You were hungry.

You visited 1 branch of the dungeon, and saw 2 of its levels.

You collected 122 gold pieces.

Inventory:

Hand Weapons
 y - a +1 hand axe of chopping (weapon)
Armour
 g - a +0 pair of boots (worn)
 w - a cursed +0 buckler (worn)
Jewellery
 m - an amulet of faith (around neck)
 r - an uncursed ring of ice
Wands
 p - a wand of flame (23/48)
 v - a wand of digging (24/24)
Scrolls
 c - a scroll of identify
 d - 3 scrolls of remove curse
 h - 2 scrolls of immolation
Potions
 j - a potion of invisibility {unknown}
 n - a potion of haste {unknown}
 s - a potion of brilliance {unknown}
 u - a potion of might {unknown}
 x - a potion of cure mutation {unknown}
 z - a potion of curing {unknown}
Books
 o - a book of Maledictions

   Spells                             Type                      Level
   a - Corona                         Hexes                        1
   b - Ensorcelled Hibernation        Hexes/Ice                    2
   c - Confuse                        Hexes                        3
   d - Tukima's Dance                 Hexes                        3
   e - Dazzling Spray                 Conjuration/Hexes            3
   Trog disapproves of the use of such an item.
Comestibles
 b - a bread ration
 f - a royal jelly
 i - a meat ration
 q - 6 chunks of flesh


   Skills:
 - Level 3.2 Fighting
 + Level 5.7 Axes
 - Level 2.6 Dodging


You had 3 spell levels left.
You didn't know any spells.

Dungeon Overview and Level Annotations

Branches:
Dungeon (2/15)

Altars:
Dithmenos

Annotations:
D:2 Crazy Yiuf


Innate Abilities, Weirdness & Mutations

Your plain brown scales are hard. (AC +5)
You cannot fit into any form of body armour.
You are cold-blooded and may be slowed by cold attacks.


Message History

Crazy Yiuf hits you with a quarterstaff of chaos!
You are poisoned.
You completely miss Crazy Yiuf.
Crazy Yiuf is moderately wounded.
You are feeling hungry.
You feel sick.
Crazy Yiuf hits you with a quarterstaff of chaos!
You hit Crazy Yiuf but do no damage.
Crazy Yiuf is moderately wounded.
* * * LOW HITPOINT WARNING * * *
You feel sick.
Crazy Yiuf whimpers, "Spliff koolooloo down!"
Crazy Yiuf hits you with a quarterstaff of chaos.
* * * LOW HITPOINT WARNING * * *
It was a potion of agility.
You feel agile all of a sudden.
* * * LOW HITPOINT WARNING * * *
You feel sick.
Crazy Yiuf hits you with a quarterstaff of chaos!
You die...

...#...))#......#
#...........
####....)#.##.#...
#..####.#.#.
####.....#.#
###### #..# #.#.#.
..##.....#.# #..#
#.#.#.
..##.......# #####
#..# #.#...
...'.......# #..)#
#..# ..
..##....#..# #...#
#..# .##
...........# #.g.#
#).# .
#########..# #@#
#))# .# ♣♣.♣
#()####.# ♣.♣♣
#.)...#.# ♣♣.♣
#.(##.#.# ♣.♣♣
#..##.#.# ♣♣.♣♣
#.....#.# ♣..)♣♣
#.......# ♣.)..♣
#..#.)..####
##..##
#..#........


You could see Crazy Yiuf.

Vanquished Creatures
  Ijyb (D:2)
  Robin (D:2)
  An adder (D:2)
  3 gnolls (D:2)
  3 worms (D:2)
  A dart slug (D:1)
  2 leopard geckos (D:2)
  3 giant cockroaches
  14 goblins
  2 hobgoblins (D:1)
  2 jackals (D:2)
  6 kobolds
  A quokka (D:2)
  4 bats
  5 rats
49 creatures vanquished.

Notes
Turn   | Place    | Note
-------+----------+-------------------------------------------
     0 | D:1      | wazuzu the Draconian Berserker began the quest for the Orb.
     0 | D:1      | Reached XP level 1. HP: 19/19 MP: 1/1
   257 | D:1      | Reached XP level 2. HP: 26/26 MP: 2/2
   706 | D:2      | Found a shadowy altar of Dithmenos.
  1070 | D:2      | Reached skill level 4 in Axes
  1100 | D:2      | Reached ** piety under Trog
  1100 | D:2      | Reached XP level 3. HP: 24/31 MP: 3/3
  1165 | D:2      | Noticed Robin
  1181 | D:2      | Killed Robin
  1481 | D:2      | Reached skill level 5 in Axes
  1481 | D:2      | Reached XP level 4. HP: 38/38 MP: 4/4
  1541 | D:2      | Noticed Ijyb
  1584 | D:2      | Killed Ijyb
  1663 | D:2      | Reached *** piety under Trog
  1693 | D:2      | Found a runed door.
  1697 | D:2      | Noticed Crazy Yiuf
  1702 | D:2      | Slain by Crazy Yiuf

Vault maps used:
D:1:      matt_arrival_refuge, serial_bayou_lake_a
D:2:      grunt_ministairs_7, grunt_dithmenos_smoke_and_mirrors, uniq_iyjb,
          uniq_crazy_yiuf_cottage, uniq_robin

Skill      XL: |  1  2  3 |
---------------+----------+-----
Axes           | 4 5 |  5.7
Fighting       | |  3.2
Dodging        | |  2.6

Action                   |  1- 3 |  4- 6 || total
-------------------------+-------+-------++-------
Melee: Hand axe          |   116 |    64 ||   180
       Tailslap          |    10 |     6 ||    16
Invok: Berserk           |     4 |     1 ||     5
  Use: Scroll            |     3 |     5 ||     8
       Potion            |       |     1 ||     1
 Stab: Sleeping          |     1 |       ||     1
  Eat: Chunk             |     5 |     2 ||     7
Armor: Skin              |    52 |    23 ||    75
Dodge: Dodged            |    79 |    34 ||   113
Block: Buckler           |       |     2 ||     2
